 Dungeon Crawl Stone Soup version 0.21-a0-150-gc243083 (webtiles) character file.

83 slippy the Poker (level 4, -1/34 HPs)
             Began as a Gnoll Skald on July 29, 2017.
             Killed from afar by an orc wizard (5 damage)
             ... with a puff of flame
             ... on level 3 of the Dungeon.
             The game lasted 00:10:44 (2901 turns).

slippy the Poker (Gnoll Skald)                      Turns: 2901, Time: 00:10:44

Health: -1/34      AC:  6    Str:  7    XL:     4   Next: 44%
Magic:  8/8        EV: 12    Int:  7    God:
Gold:   98         SH:  0    Dex:  7    Spells: 6/9 levels left

rFire    . . .     SeeInvis .   a - +0 spear
rCold    . . .     Gourm    .   (no shield)
rNeg     . . .     Faith    .   b - +0 leather armour
rPois    .         Spirit   .   s - +0 helmet
rElec    .         Reflect  .   (no cloak)
rCorr    .         Harm     .   q - +1 pair of gloves
MR       .....                  (no boots)
Stlth    ..........             h - amulet of magic regeneration
HPRegen  0.11/turn              (no ring)
MPRegen  0.36/turn              (no ring)

@: confused, hasted, very quick
A: unchanging attributes, fangs 1, strong nose
a: no special abilities


You were on level 3 of the Dungeon.
You were not hungry.

You visited 1 branch of the dungeon, and saw 3 of its levels.

You collected 98 gold pieces.

Inventory:

Hand Weapons
 a - a +0 spear (weapon)
Armour
 b - a +0 leather armour (worn)
 q - a +1 pair of gloves (worn)
 s - a +0 helmet (worn)
Jewellery
 h - an amulet of magic regeneration (around neck)
Wands
 t - a wand of acid (10/15)
Scrolls
 i - 2 scrolls of identify
 l - a scroll of enchant armour
 m - a scroll of remove curse
 n - a scroll of fog {unknown}
Potions
 f - a potion of resistance {unknown}
 j - 3 potions of brilliance
 p - a potion of berserk rage {unknown}
 r - a potion of might {unknown}
Books
 c - a book of Battle

   Spells                             Type                      Level
   a - Infusion                       Charms                       1
   b - Shroud of Golubria             Charms/Translocation         2
   c - Song of Slaying                Charms                       2
   d - Spectral Weapon                Hexes/Charms                 3
   e - Regeneration                   Charms/Necromancy            3
Comestibles
 d - 2 bread rations
 o - 2 royal jellies


   Skills:
 - Level 2.6 Fighting
 * Level 5.0 Polearms
 - Level 1.3 Armour
 * Level 4.2 Dodging
 - Level 3.0 Spellcasting
 - Level 4.0 Charms


You had 6 spell levels left.
You knew the following spells:

 Your Spells              Type           Power        Failure   Level  Hunger
a - Infusion              Chrm           #...         10%         1    ##.....
b - Song of Slaying       Chrm           #.......     14%         2    ###....


Dungeon Overview and Level Annotations

Branches:
Dungeon (3/15)

Altars:


Innate Abilities, Weirdness & Mutations

Your physical attributes are unchanging.
You have very sharp teeth.
Your uncanny sense of smell can sniff out nearby items.


Message History

a mace; an orc skeleton x2
You hit something.
You hear some strange, mumbled words.
A magic dart appears from out of thin air!
The magic dart hits you!
* * * LOW HITPOINT WARNING * * *
You miss something.
You hear an angry hiss.
You hear some strange, mumbled words.
You are confused.
You bump into the rock wall.
Something completely misses you.
You closely miss something. Your bite misses something.
You hear a shout!
Something hits you.
* * * LOW HITPOINT WARNING * * *
It was a potion of haste.
You feel yourself speed up.
Your song has ended.
You hear some strange, mumbled words.
A puff of flame appears from out of thin air!
The puff of flame hits you!
You die...

∆ .... # #..# . #.
####..##.
##(##.......
####.........#
...$..#......###.#
#)............
#..#.{.#..######.#
#...@.)......../.#
###......#..<.......
....................#
...................>#
.....#.#............#
####.#..............#
#......###.......#
####... ##.######
##.# .#


There were no monsters in sight!

Vanquished Creatures
  2 adders (D:2)
  A worm (D:2)
  2 dart slugs (D:1)
  3 orcs (D:3)
  2 ball pythons
  7 bats
  2 giant cockroaches (D:1)
  8 goblins
  6 hobgoblins (D:1)
  4 jackals (D:1)
  7 kobolds
  2 frilled lizards
  4 rats
50 creatures vanquished.

Notes
Turn   | Place    | Note
-------+----------+-------------------------------------------
     0 | D:1      | slippy the Gnoll Skald began the quest for the Orb.
     0 | D:1      | Reached XP level 1. HP: 17/17 MP: 4/4
   235 | D:1      | Reached skill level 3 in Polearms
   241 | D:1      | Reached XP level 2. HP: 13/23 MP: 0/6
   953 | D:1      | Reached XP level 3. HP: 28/28 MP: 7/7
  1264 | D:1      | Reached skill level 4 in Polearms
  1508 | D:1      | Learned a level 2 spell: Song of Slaying
  1611 | D:2      | Reached XP level 4. HP: 28/34 MP: 4/8
  2530 | D:3      | Reached skill level 5 in Polearms
  2901 | D:3      | Killed from afar by an orc wizard

Vault maps used:
D:1:      saegor_arrival_simple_f, kennysheep_doodads, minmay_statues_item
D:3:      first_bread

Skill      XL: |  1  2  3  4 |
---------------+-------------+-----
Dodging        | 3 4 |  4.2
Polearms       | 3 4 5 |  5.0
Fighting       | |  2.6
Armour         | |  1.3
Spellcasting   | |  3.0
Charms         | |  4.0

Action                   |  1- 3 |  4- 6 || total
-------------------------+-------+-------++-------
Melee: Spear             |   200 |   141 ||   341
       Bite              |     7 |     3 ||    10
 Cast: Infusion          |     7 |     3 ||    10
       Song of Slaying   |     2 |     2 ||     4
  Use: Potion            |     1 |     4 ||     5
       Scroll            |     4 |       ||     4
  Eat: Chunk             |     3 |     2 ||     5
       Bread ration      |       |     1 ||     1
Armor: Leather armour    |    60 |    40 ||   100
Dodge: Dodged            |   115 |    28 ||   143
